 Dungeon Crawl Stone Soup version 0.21-a0-621-gc60411f (webtiles) character file.

555 slep the Slasher (level 7, 0/36 HPs)
             Began as a Vine Stalker Gladiator on Dec 23, 2017.
             Was an Initiate of Okawaru.
             Slain by a hornet zombie (1 damage)
             ... on level 5 of the Dungeon.
             The game lasted 00:15:37 (3136 turns).

slep the Slasher (Vine Stalker Gladiator)           Turns: 3136, Time: 00:15:38

Health: 0/36       AC:  5    Str: 17    XL:     7   Next: 30%
Magic:  0/8        EV: 14    Int: 10    God:    Okawaru [......]
Gold:   285        SH:  0    Dex: 17    Spells: 6/6 levels left

rFire    + . .     SeeInvis .   a - +0 long sword
rCold    . . .     Gourm    .   (no shield)
rNeg     . . .     Faith    .   B - +0 robe {rF+}
rPois    .         Spirit   +   y - +1 hat
rElec    .         Reflect  .   (no cloak)
rCorr    .         Harm     .   v - +0 pair of gloves
MR       .....                  e - +0 pair of boots
Stlth    ++........             (no amulet)
HPRegen  0.52/turn              j - +2 ring of intelligence
MPRegen  0.11/turn              (no ring)

@: no status effects
A: fangs 2, regeneration 1, magic shield, antimagic bite, no potion heal 3, rot
immunity
a: Renounce Religion


You were on level 5 of the Dungeon.
You worshipped Okawaru.
Okawaru was noncommittal.
You were not hungry.

You visited 2 branches of the dungeon, and saw 6 of its levels.

You collected 285 gold pieces.

Inventory:

Hand Weapons
 a - a +0 long sword (weapon)
 C - the +8 dagger of Breach {freeze, Str+2 Int-5 Dex+4, unknown}
   (You found it on level 4 of the Dungeon)

   It has been specially enchanted to freeze those struck by it, causing extra
   injury to most foes and up to half again as much damage against particularly
   susceptible opponents.
   It can also slow down cold-blooded creatures.
   It affects your strength (+2).
   It affects your intelligence (-5).
   It affects your dexterity (+4).
 G - the +9 mace of Pestilence {drain, *Rage rPois Dex+5 SInv, unknown}
   (You found it on level 5 of the Dungeon)

   A truly terrible weapon, it drains the life of those it strikes.
   It affects your dexterity (+5).
   It protects you from poison.
   It lets you see invisible.
   It may make you go berserk in combat.
Missiles
 d - 3 throwing nets (quivered)
 m - 82 sling bullets
 q - 3 javelins
 t - 6 curare-tipped needles
Armour
 b - a +0 leather armour
 c - a +0 helmet
 e - a +0 pair of boots (worn)
 v - a +0 pair of gloves (worn)
 y - a +1 hat (worn)
 B - a +0 robe of fire resistance (worn)
Jewellery
 j - a +2 ring of intelligence (left hand)
Wands
 x - a wand of clouds (7)
 E - a wand of polymorph (12)
 H - a wand of iceblast (4)
Scrolls
 g - a scroll of fear {unknown}
 h - a scroll of identify {unknown}
 i - 3 scrolls of magic mapping {unknown}
 k - 5 scrolls of remove curse {unknown}
 l - 2 scrolls of blinking {unknown}
 p - 2 scrolls of teleportation {unknown}
 r - 2 scrolls of immolation {unknown}
 z - a scroll of fog {unknown}
 D - a scroll of amnesia {unknown}
Potions
 n - a potion of mutation {unknown}
 o - 3 potions of lignification {unknown}
 s - 2 potions of brilliance {unknown}
 u - 2 potions of agility {unknown}
 w - a potion of might {unknown}
 A - 2 potions of curing {unknown}
 I - a potion of degeneration {unknown}
Comestibles
 f - 7 rations


   Skills:
 + Level 3.3 Fighting
 + Level 5.5 Long Blades
 + Level 1.9 Throwing
 + Level 1.9 Armour
 + Level 3.4 Dodging
 + Level 1.3 Stealth


You had 6 spell levels left.
You didn't know any spells.

Dungeon Overview and Level Annotations

Branches:
Dungeon (5/15)             Temple (1/1) D:4

Altars:
Ashenzari
Dithmenos
Elyvilon
Fedhas
Gozag
Hepliaklqana
Kikubaaqudgha
Makhleb
Nemelex Xobeh
Okawaru
Qazlal
Ru
Sif Muna
Trog
Uskayaw
Vehumet
Wu Jian
Xom
Yredelemnul
Zin
The Shining One

Shops:
D:4 [


Innate Abilities, Weirdness & Mutations

You have extremely sharp teeth.
Your natural rate of healing is unusually fast.
When hurt, damage is shared between your health and your magic reserves.
Your bite disrupts and absorbs the magic of your enemies.
Potions cannot restore your health.
You are immune to rotting.


Message History

The hornet zombie hits you.
You hit the hornet zombie but do no damage.
Your bite misses the hornet zombie.
The hornet zombie is lightly damaged.
The hornet zombie hits you. x2
* * * LOW HITPOINT WARNING * * *
You barely miss the hornet zombie.
You bite the hornet zombie, but do no damage.
The hornet zombie is lightly damaged.
The hornet zombie hits you!
* * * LOW HITPOINT WARNING * * *
You barely miss the hornet zombie.
The hornet zombie is lightly damaged.
The hornet zombie hits you.
* * * LOW HITPOINT WARNING * * *
The hornet zombie barely misses you.
You slash the hornet zombie!
The hornet zombie is moderately damaged.
The hornet zombie hits you.
You die...

#......#...... #.#
#.##.#.####### #.# #.
#.#.####### #.# #.
#.#........ .^. ..
#.######### #.# ##
#......# #.# ######.#
#Z# #.# . #@# #.#
....##.###########.#
....................#
..?...#.#############
......#.# ...!. ..#
.....#..# .... #..#
.... +.>#


You could see a hornet zombie.

Vanquished Creatures
  An ice beast (D:5)
  2 ogres
  2 orc priests (D:4)
  2 orc wizards
  5 adders
  2 oozes (D:4)
  A worm (D:2)
  2 dart slugs (D:1)
  2 leopard geckos
  14 orcs
  11 bats
  6 giant cockroaches
  10 goblins
  16 hobgoblins
  4 jackals (D:2)
  4 quokkas
  4 ball pythons
  7 frilled lizards
  8 kobolds
  4 rats
107 creatures vanquished.

Notes
Turn   | Place    | Note
-------+----------+-------------------------------------------
     0 | D:1      | slep the Vine Stalker Gladiator began the quest for the Orb.
     0 | D:1      | Reached XP level 1. HP: 11/11 MP: 2/2
   101 | D:1      | Reached XP level 2. HP: 12/15 MP: 3/3
   145 | D:1      | Reached skill level 3 in Long Blades
   721 | D:2      | Reached XP level 3. HP: 18/18 MP: 4/4
   873 | D:2      | Gained mutation: Your natural rate of healing is unusually fast. [Vine Stalker growth]
   873 | D:2      | Reached XP level 4. HP: 22/23 MP: 5/5
  1074 | D:2      | Found a burning altar of Makhleb.
  1075 | D:2      | Found a shimmering altar of Xom.
  1683 | D:3      | Noticed an ogre
  1692 | D:3      | Reached skill level 1 in Armour
  1693 | D:3      | Reached skill level 4 in Long Blades
  1697 | D:3      | Reached XP level 5. HP: 26/26 MP: 6/6
  1705 | D:3      | Killed an ogre
  2206 | D:3      | Reached XP level 6. HP: 31/32 MP: 7/7
  2422 | D:4      | Found Fokoagaok's Armour Emporium.
  2507 | D:4      | Reached skill level 5 in Long Blades
  2550 | D:4      | Found a staircase to the Ecumenical Temple.
  2560 | Temple   | Entered the Ecumenical Temple
  2625 | Temple   | Became a worshipper of Warmaster Okawaru
  2796 | D:4      | Got a jewelled dagger
  2868 | D:4      | Found an ornate altar of the Wu Jian Council.
  2915 | D:4      | Found a glowing silver altar of Zin.
  3015 | D:5      | Entered Level 5 of the Dungeon
  3018 | D:5      | Reached XP level 7. HP: 34/36 MP: 8/8
  3025 | D:5      | Reached skill level 1 in Stealth
  3039 | D:5      | Found a bloodstained altar of Trog.
  3071 | D:5      | Got a polished mace
  3135 | D:5      | HP: 1/36 [hornet zombie (2)]
  3136 | D:5      | Slain by a hornet zombie

Vault maps used:
D:1:      evilmike_arrival_hilbert_curve
D:2:      minitemple, first_ration, kennysheep_generic_room_12
D:3:      cheibrodos_greedy_goblins, minmay_guardbox
D:4:      lemuel_coloured_pillars_altar, marbit_many_paths,
          minmay_temple_entry_butterflies, serial_shops, shop
D:5:      serial_shops, shop, bloody_trog
Temple:   minmay_crystal_spiral_temple

Skill      XL: |  1  2  3  4  5  6  7 |
---------------+----------------------+-----
Fighting       | 2 3 |  3.3
Long Blades    | 3 4 5 |  5.5
Dodging        | 3 |  3.4
Armour         | 1 |  1.9
Stealth        | 1 |  1.3
Throwing       | |  1.9

Action                   |  1- 3 |  4- 6 |  7- 9 || total
-------------------------+-------+-------+-------++-------
Melee: Long sword        |    71 |   159 |    17 ||   247
       Bite              |    19 |    57 |    12 ||    88
 Stab: Sleeping          |     1 |     2 |       ||     3
  Eat: Chunk             |       |     6 |     2 ||     8
Armor: Leather armour    |    23 |    44 |       ||    67
       Robe              |       |     2 |     1 ||     3
Dodge: Dodged            |    58 |   104 |    14 ||   176
       Rpst.: Long sword |    24 |    35 |     6 ||    65

Table legend:
 A = Spawn XP
 B = Non-spawn XP
 C = Spawn XP percentage of total XP
 D = Spawn monster count
 E = Non-spawn monster count
 F = Spawn count percentage of total count
 G = Total turns spent on level
                    A         B        C        D         E        F      G
               +---------+---------+-------+---------+---------+-------+---------
         Total |       0 |     794 |   0.0 |       0 |     107 |   0.0 |  3136
               +---------+---------+-------+---------+---------+-------+---------
           D:1 |       0 |      31 |   0.0 |       0 |      17 |   0.0 |   686
           D:2 |       0 |      84 |   0.0 |       0 |      30 |   0.0 |   822
           D:3 |       0 |     207 |   0.0 |       0 |      41 |   0.0 |   903
           D:4 |       0 |     289 |   0.0 |       0 |      14 |   0.0 |   433
           D:5 |       0 |     183 |   0.0 |       0 |       5 |   0.0 |   121
               +---------+---------+-------+---------+---------+-------+---------
